Unix NetHack Version 5.0.0-0 post-release - last build Jul 19 2026 19:10:59 (3aa4ab31751d3886436d94b585a96704892fd477,branch:main).

Game began 2026-07-22 18:16:37, ended 2026-07-22 18:18:39.

A4Paper, chaotic female elven Wizard

                                                                       -------
                                        -----                 -----####......|
                                        |..{|    #            |....#   |.....|
                                       #|.|.S@####-----#######-...|####-.....|
                                       #....|    #....|#      |...|%   |.....|
                                       #|...|    #|...|#      |...|#   |.....|
                                        -----     |...|#      -.---    -------
                                                  |...|        #0
                                                  |....#      ##
                                                  ---.-###     ######
                                                     #################
                                                          #         ###
                                                          %  -------.-.-
                                                             |.........|
                                                             |.........|
                                                             |.........|
                                                             |.........|
                                                             .......<..|
                                                             -----------

A4Paper the Conjurer      St:11 Dx:14 Co:11 In:20 Wi:7 Ch:12  Chaotic S:277
Dlvl:2  $:43 HP:0(26) Pw:12(29) AC:9  Xp:3/46 T:463 

Latest messages:
 You kill the lichen!
 Bluey bites the coyote.
 The coyote misses Bluey.
 You miss the coyote.
 The coyote bites!
 Bluey bites the coyote.
 The coyote is killed!
 You kill the grid bug!
 You swap places with Bluey.
 You miss the coyote.
 The coyote bites!
 You miss the coyote.
 The coyote bites!
 You miss the coyote.
 The coyote bites!
 You miss the coyote.
 The coyote bites!
 You hit the coyote.
 The coyote bites!
 You miss the coyote.
 The coyote bites!
 In what direction?
 The spell misses the coyote.
 The coyote bites!
 In what direction?
 The spell hits the coyote!
 You kill the coyote!
 You see here 5 gold pieces.
 $ - 5 gold pieces (30 in total).
 You hear some noises in the distance.
 There is a fountain here.
 You see here 13 gold pieces.
 $ - 13 gold pieces (43 in total).
 Something is engraved here on the headstone.
 You read: "Been Here.  Now Gone.  Had a Good Time."
 Something is engraved here on the headstone.
 You read: "Been Here.  Now Gone.  Had a Good Time."
 Drink from the fountain? [yn] (n)
 An endless stream of snakes pours forth!
 In what direction?
 The spell misses the water moccasin.
 The spell hits the water moccasin!
 You kill the water moccasin!
 Welcome to experience level 3.
 The water moccasin bites!
 In what direction?
 The spell hits the water moccasin.
 The water moccasin bites!
 You die...
 Do you want your possessions identified? [ynq] (y)

Inventory:
 Coins    ('$')
  $ - 43 gold pieces
 Weapons  (')')
  a - a blessed +1 quarterstaff (weapon in hands)
 Armor    ('[')
  b - an uncursed +0 cloak of magic resistance (being worn)
 Scrolls  ('?')
  i - 3 uncursed scrolls of identify
  p - an uncursed scroll of remove curse
  n - a cursed scroll of remove curse
  o - an uncursed scroll of teleportation
 Spellbooks  ('+')
  k - an uncursed spellbook of cure sickness
  j - a blessed spellbook of force bolt
 Potions  ('!')
  g - an uncursed potion of levitation
  h - a blessed potion of sleeping
  f - an uncursed potion of sleeping
 Rings    ('=')
  d - an uncursed ring of protection from shape changers
  e - an uncursed ring of shock resistance
 Wands    ('/')
  c - a wand of slow monster (0:4)
 Tools    ('(')
  m - an uncursed leather drum
  l - a magic marker (0:19)
 Gems/Stones  ('*')
  q - an uncursed worthless piece of green glass

A4Paper the Wizard's attributes:

Background:
 You were a Conjurer, a level 3 female elven Wizard.
 You were chaotic, on a mission for Anhur
 who was opposed by Ptah (lawful) and Thoth (neutral).
 You were right-handed.
 You were in the Dungeons of Doom, on level 2.
 You entered the dungeon 463 turns ago.
 You had 46 experience points, 34 more were needed to attain level 4.
 Your score was 277 before end-of-game adjustments.

Basics:
 You had 0 out of 26 hit points.
 You had 12 out of 29 energy points (spell power).
 Your armor class was 9.
 Your wallet contained 43 zorkmids.
 Autopickup was off.

Final Characteristics:
 Your strength was 11 (limit:18).
 Your dexterity was 14 (limit:18).
 Your constitution was 11 (limit:16).
 Your intelligence was 20 (limit:20).
 Your wisdom was 7 (limit:20).
 Your charisma was 12 (limit:18).

Final Status:
 You weren't hungry.
 You were unencumbered.
 You were wielding a quarterstaff.
 You had basic skill with quarterstaff.

Final Attributes:
 You were fervently aligned.
 You were magic-protected.
 You had infravision.
 You were warded.
 You are dead.

Miscellaneous:
 You didn't encounter any bones levels.
 Total elapsed playing time was 2 minutes and 1 second.

Major events:
 Turn
    1: A4Paper the chaotic female elven Wizard entered the dungeon
  462: attained the rank of Conjurer (level 3)
  463: killed by a water moccasin

Spells:
 Name                 Level Category     Fail Retention
 force bolt             1   attack         0%  91%-100%
 cure sickness          3   healing       63%  76%-100%

Skills:
 Fighting Skills
   bare handed combat [Unskilled]
   riding             [Unskilled]
 Weapon Skills
   dagger             [Unskilled]
   knife              [Unskilled]
   axe                [Unskilled]
   short sword        [Unskilled]
   club               [Unskilled]
   mace               [Unskilled]
   quarterstaff       [Basic]
   polearms           [Unskilled]
   spear              [Unskilled]
   trident            [Unskilled]
   sling              [Unskilled]
   dart               [Unskilled]
   shuriken           [Unskilled]
 Spellcasting Skills
   attack spells      [Basic]
   healing spells     [Unskilled]
   divination spells  [Unskilled]
   enchantment spells [Basic]
   clerical spells    [Unskilled]
   escape spells      [Unskilled]
   matter spells      [Unskilled]

Voluntary challenges:
 Character rerolling was not enabled.
 You were an atheist.
 You were illiterate.
 You never genocided any monsters.
 You never polymorphed an object.
 You never changed form.
 You used no wishes.
Achievement:
 You attained the rank of Conjurer.

 The Dungeons of Doom: levels 1 to 2
    Level 1:
    Level 2: <- You were here.
       A fountain, a grave.
       Final resting place for
          you, killed by a water moccasin.


Vanquished creatures:
  a water moccasin
  2 coyotes
  3 jackals
  2 kobolds
  a grid bug
  2 lichens
  a kobold zombie
12 creatures vanquished.

No species were genocided or became extinct.

Game over:
                       ----------
                      /          \
                     /    REST    \
                    /      IN      \
                   /     PEACE      \
                  /                  \
                  |     A4Paper      |
                  |      43 Au       |
                  |   killed by a    |
                  |  water moccasin  |
                  |                  |
                  |                  |
                  |       2026       |
                 *|     *  *  *      | *
        _________)/\\_//(\/(/\)/\//\/|_)_______

Goodbye A4Paper the Wizard...

You died in The Dungeons of Doom on dungeon level 2 with 273 points,
and 43 pieces of gold, after 463 moves.
You were level 3 with a maximum of 26 hit points when you died.

